 Dungeon Crawl Stone Soup version 0.21.1-1-g345015f (webtiles) character file.

6083 Supreme the Zephyrmancer (level 10, -1/60 HPs)
             Began as a Tengu Air Elementalist on Apr 8, 2018.
             Was an Initiate of Vehumet.
             Slain by an orc warrior
             ... wielding a +0 hand axe
              (14 damage)
             ... on level 9 of the Dungeon.
             The game lasted 03:03:17 (9080 turns).

Supreme the Zephyrmancer (Tengu Air Elementalist)   Turns: 9080, Time: 03:03:18

Health: -1/60      AC:  2    Str: 10    XL:     10   Next: 88%
Magic:  0/22       EV: 18    Int: 21    God:    Vehumet [......]
Gold:   409        SH:  0    Dex: 20    Spells: 6/23 levels left

rFire    . . .     SeeInvis .   F - +2 hand axe (elec)
rCold    . . .     Gourm    .   (no shield)
rNeg     . . .     Faith    .   x - +0 robe (curse)
rPois    .         Spirit   +   (helmet restricted)
rElec    .         Reflect  .   (no cloak)
rCorr    .         Harm     .   (no gloves)
MR       .....                  (boots unavailable)
Stlth    ++++......             v - amulet of guardian spirit
HPRegen  0.20/turn              D - +3 ring of intelligence
MPRegen  0.18/turn              j - +6 ring of dexterity

@: swift, very quick
A: beak, talons 3, able to fly 1
a: Fly, Renounce Religion


You were on level 9 of the Dungeon.
You worshipped Vehumet.
Vehumet was noncommittal.
You were not hungry.

You visited 2 branches of the dungeon, and saw 12 of its levels.

You collected 409 gold pieces.

Inventory:

Hand Weapons
 q - a +0 blowgun
 r - a +3 short sword of venom
 F - a +2 hand axe of electrocution (weapon)
 I - a +3 scimitar of flaming
Missiles
 d - 94 arrows
 n - 2 throwing nets (quivered)
 o - 7 tomahawks
 w - 16 poisoned needles
 E - 8 needles of paralysis
Armour
 h - a +0 robe
 m - a +0 buckler
 t - a +0 robe
 u - a +0 robe
 x - a cursed +0 robe (worn)
 H - a +0 robe
 J - a +0 robe
Jewellery
 j - a +6 ring of dexterity (right hand)
 p - an uncursed ring of wizardry {unknown}
 v - an amulet of guardian spirit (around neck)
 A - an uncursed ring of protection from cold {unknown}
 D - a +3 ring of intelligence (left hand)
 K - a cursed -4 ring of strength {unknown}
Wands
 G - a wand of flame (20)
 Z - a wand of disintegration (14)
Scrolls
 e - 7 scrolls of identify
 g - a scroll of immolation {unknown}
 i - a scroll of magic mapping {unknown}
 l - 3 scrolls of remove curse
 s - a scroll of teleportation
 y - a scroll of fog
 z - 2 scrolls of blinking
 O - a scroll of torment {unknown}
 T - a scroll of enchant weapon
Potions
 a - 3 potions of lignification
 b - a potion of degeneration {unknown}
 f - a potion of berserk rage
 k - a potion of invisibility
 B - 4 potions of haste
 C - 2 potions of brilliance
 L - a potion of flight {unknown}
 M - a potion of agility
Books
 X - a book of Geomancy

   Spells                             Type                      Level
   a - Sandblast                      Earth                        1
   b - Passwall                       Transmutation/Earth          2
   c - Stone Arrow                    Conjuration/Earth            3
   d - Petrify                        Transmutation/Earth          4
   e - Lee's Rapid Deconstruction     Earth                        5
Miscellaneous
 N - a sack of spiders
Comestibles
 c - 12 rations


   Skills:
 + Level 6.0 Fighting
   Level 1.2 Bows
 + Level 7.9 Dodging
 + Level 6.9 Stealth
 + Level 7.3 Spellcasting
 + Level 5.8 Conjurations
 + Level 3.4 Transmutations
 + Level 8.7 Air Magic


You had 6 spell levels left.
You knew the following spells:

 Your Spells              Type           Power        Failure   Level  Hunger
a - Shock                 Conj/Air       ####         1%          1    None
b - Swiftness             Chrm/Air       ####....     1%          2    None
c - Static Discharge      Conj/Air       #####...     1%          3    None
d - Sticks to Snakes      Tmut           ###.....     3%          2    None
e - Airstrike             Air            #####.....   2%          4    ###....
f - Lightning Bolt        Conj/Air       #####.....   12%         5    #####..


Dungeon Overview and Level Annotations

Branches:
Dungeon (11/15)            Temple (1/1) D:7
   Lair: D:8-11         Orc: D:9-12

Altars:
Ashenzari
Cheibriados
Dithmenos
Elyvilon
Fedhas
Gozag
Hepliaklqana
Kikubaaqudgha
Makhleb
Nemelex Xobeh
Okawaru
Qazlal
Ru
Sif Muna
Trog
Uskayaw
Vehumet
Wu Jian
Xom
Yredelemnul
Zin
The Shining One

Shops:
D:4 [

Annotations:
D:9 exclusion: downstairs


Innate Abilities, Weirdness & Mutations

You have a beak for a mouth.
You have claws for feet.
You can fly.


Message History

The bolt of lightning misses the orc warrior.
You hear an angry hiss.
You hit the orc warrior but do no damage.
The orc warrior closely misses you.
You barely miss the orc warrior. You peck the orc warrior.
The orc warrior is lightly wounded.
The orc warrior misses you.
You hit the orc warrior but do no damage.
The orc warrior is lightly wounded.
The orc warrior misses you.
You barely miss the orc warrior. You claw the orc warrior.
The orc warrior is lightly wounded.
The orc warrior hits you with a hand axe! x2
* * * LOW HITPOINT WARNING * * *
The crimson imp blinks!
Casting: Lightning Bolt
Confirm with . or Enter, or press ? or * to list all spells.
You feel quick.
The orc warrior hits you with a hand axe!
You die...

###### #....#
####################.##.#
...'...........o@..).##.#
...#.8###.8###.8###.8##.#
##'#### #### ####
#####.##### ... #....^###
≈≈≈≈≈ #.......### ≈≈≈≈≈≈
#..###....# ...%...
#......##.# ########
#..(##....# #...#.###..


You could see an orc warrior.

Vanquished Creatures
  Erica (D:8)
  Pikel (D:4)
  Joseph (D:8)
  A hornet (D:8)
  Prince Ribbit (D:8)
  A hippogriff (D:9)
  4 yaks (D:7)
  A hungry ghost (D:8)
  Edmund (D:4)
  3 sky beasts
  An ice beast (D:8)
  2 orc warriors
  A black bear (D:7)
  2 ogres
  A phantom (D:5)
  A centaur (D:8)
  A big kobold (D:7)
  The ghost of sexinstructor the Digger, an amateur GrEE (D:3)
  A water moccasin zombie (D:6)
  5 bullfrogs
  A wyvern zombie (D:9)
  3 scorpions
  6 crimson imps
  A centaur zombie (D:7)
  A quasit (D:7)
  A bullfrog zombie (D:8)
  3 bullfrog skeletons
  7 hounds
  5 orc wizards
  A jelly (D:9)
  2 orc priests
  2 iguanas
  11 worker ants
  2 killer bee zombies (D:8)
  A human simulacrum (D:9)
  A hound skeleton (D:5)
  A worker ant zombie (D:8)
  9 adders
  A howler monkey skeleton (D:9)
  2 shadow imps
  An adder zombie (D:8)
  3 worms (D:2)
  3 dart slugs
  9 leopard geckos
  34 orcs
  4 giant cockroaches
  6 goblins
  13 hobgoblins
  3 jackals (D:2)
  5 quokkas
  4 ball pythons
  15 bats
  6 frilled lizards
  A jackal zombie (D:8)
  7 kobolds
  A quokka skeleton (D:6)
  4 rats
211 creatures vanquished.

Vanquished Creatures (collateral kills)
  An ogre (D:7)
  A howler monkey (D:7)
2 creatures vanquished.

Vanquished Creatures (others)
  A bullfrog (D:9)
  A human simulacrum (D:9)
2 creatures vanquished.

Grand Total: 215 creatures vanquished

Notes
Turn   | Place    | Note
-------+----------+-------------------------------------------
     0 | D:1      | Supreme the Tengu Air Elementalist began the quest for the Orb.
     0 | D:1      | Reached XP level 1. HP: 10/10 MP: 4/4
   251 | D:2      | Found a blossoming altar of Fedhas.
   260 | D:2      | Reached XP level 2. HP: 15/15 MP: 0/6
   264 | D:2      | Learned a level 2 spell: Swiftness
   600 | D:1      | Reached XP level 3. HP: 18/19 MP: 4/7
   608 | D:1      | Learned a level 3 spell: Static Discharge
  1377 | D:2      | Reached XP level 4. HP: 18/24 MP: 5/8
  1630 | D:4      | Reached skill level 1 in Fighting
  1651 | D:4      | Learned a level 2 spell: Sticks to Snakes
  1674 | D:4      | Gained mutation: You can fly. [Tengu growth]
  1674 | D:4      | Reached XP level 5. HP: 10/29 MP: 1/10
  2359 | D:3      | Noticed sexinstructor's ghost (amateur GrEE)
  2801 | D:3      | Killed sexinstructor's ghost
  2801 | D:3      | Reached skill level 5 in Air Magic
  2801 | D:3      | Reached XP level 6. HP: 34/34 MP: 8/11
  2855 | D:3      | Reached skill level 1 in Transmutations
  2964 | D:4      | Found Yfant's Armour Shoppe.
  2967 | D:5      | Entered Level 5 of the Dungeon
  2976 | D:4      | Noticed Edmund
  3081 | D:4      | Killed Edmund
  3100 | D:4      | Noticed a slave
  3101 | D:4      | Noticed a slave
  3102 | D:4      | Noticed Pikel
  3103 | D:4      | Noticed a slave
  3108 | D:4      | Noticed a slave
  3137 | D:4      | Killed Pikel
  3137 | D:4      | Reached XP level 7. HP: 10/40 MP: 12/14
  3137 | D:4      | Reached XP level 8. HP: 11/44 MP: 12/15
  3519 | D:6      | Found a hazy altar of Hepliaklqana.
  3519 | D:6      | Found a white marble altar of Elyvilon.
  3521 | D:6      | Found a hide-covered altar of Uskayaw.
  3711 | D:5      | Reached skill level 5 in Dodging
  4155 | D:3      | Found a shattered altar of Ashenzari.
  4492 | D:5      | Reached skill level 5 in Stealth
  4664 | D:4      | You fall through a shaft for 2 floors!
  4743 | D:6      | Learned a level 4 spell: Airstrike
  4757 | D:6      | Reached skill level 5 in Spellcasting
  5033 | D:6      | Found a shattered altar of Ashenzari.
  5033 | D:6      | Found a burning altar of Makhleb.
  5126 | D:6      | Reached skill level 6 in Air Magic
  5157 | D:6      | Reached XP level 9. HP: 52/52 MP: 15/17
  5640 | D:7      | Learned a level 5 spell: Lightning Bolt
  5779 | D:7      | Got a dazzling scale mail
  5838 | D:7      | Identified the +4 scale mail of Dawn {rCorr} (You found it on level 7 of the Dungeon)
  5862 | D:7      | Found a staircase to the Ecumenical Temple.
  5871 | Temple   | Entered the Ecumenical Temple
  6130 | D:8      | Noticed Joseph
  6546 | D:7      | Reached skill level 5 in Fighting
  6546 | D:7      | Reached skill level 7 in Air Magic
  6546 | D:7      | Reached XP level 10. HP: 16/59 MP: 6/20
  6954 | D:8      | Noticed Prince Ribbit
  7004 | D:8      | Reached skill level 5 in Conjurations
  7330 | D:8      | Noticed Erica
  7703 | D:8      | Killed Prince Ribbit
  8037 | D:8      | Reached skill level 1 in Bows
  8085 | D:9      | Found an ornate altar of the Wu Jian Council.
  8096 | D:9      | Found a shimmering altar of Xom.
  8096 | D:9      | Found a radiant altar of Vehumet.
  8101 | D:9      | Became a worshipper of Vehumet
  8120 | D:9      | Reached skill level 8 in Air Magic
  8487 | D:8      | Killed Joseph
  8661 | D:8      | Killed Erica
  8774 | D:10     | Entered Level 10 of the Dungeon
  8875 | D:10     | Noticed a skeletal warrior
  8875 | D:10     | Noticed a skeletal warrior
  9080 | D:9      | Slain by an orc warrior

Skill      XL: |  1  2  3  4  5  6  7  8  9 10 |
---------------+-------------------------------+-----
Conjurations   | 2 3 4 5 |  5.8
Fighting       | 1 2 3 5 6 |  6.0
Dodging        | 3 4 6 7 |  7.9
Stealth        | 3 4 5 6 |  6.9
Spellcasting   | 3 4 5 6 7 |  7.3
Air Magic      | 5 6 7 8 |  8.7
Transmutations | 2 3 |  3.4
Bows           | 1 |  1.2

Action                   |  1- 3 |  4- 6 |  7- 9 | 10-12 || total
-------------------------+-------+-------+-------+-------++-------
Melee: Club              |    11 |       |       |       ||    11
       Dagger            |    21 |       |       |       ||    21
       Short sword       |     9 |    91 |   208 |   111 ||   419
       Kick              |     7 |    16 |    54 |    33 ||   110
       Peck              |     2 |    11 |    28 |    27 ||    68
       Flail             |       |       |    34 |       ||    34
       Hand axe          |       |       |       |    19 ||    19
       Scimitar          |       |       |       |     2 ||     2
 Fire: Blowgun           |       |       |       |    46 ||    46
       Shortbow          |       |       |       |    10 ||    10
Throw: Tomahawk          |     2 |       |     3 |     5 ||    10
 Cast: Shock             |    45 |    24 |    32 |    14 ||   115
       Static Discharge  |       |     3 |     1 |     2 ||     6
       Sticks to Snakes  |       |     6 |     3 |     6 ||    15
       Airstrike         |       |       |     6 |    10 ||    16
       Lightning Bolt    |       |       |       |     6 ||     6
       Swiftness         |       |       |       |     1 ||     1
 Abil: Fly               |       |     8 |    13 |    16 ||    37
       Evoke Berserk Rag |       |     1 |       |       ||     1
Evoke: Wand              |       |       |       |     7 ||     7
  Use: Potion            |     1 |     2 |       |     5 ||     8
       Scroll            |     1 |     5 |     9 |     4 ||    19
 Stab: Sleeping          |     4 |     5 |     7 |     8 ||    24
       Distracted        |       |       |       |     1 ||     1
  Eat: Chunk             |     1 |     8 |    15 |    14 ||    38
Armor: Robe              |    16 |    13 |    17 |     6 ||    52
       Scale mail        |       |     9 |    45 |       ||    54
       Skin              |       |       |       |    30 ||    30
Dodge: Dodged            |    74 |    73 |   220 |   149 ||   516
       Rpst.: Scimitar   |       |       |       |     1 ||     1
